 Dungeon Crawl Stone Soup version 0.19.0-11-g3fc08b3 (webtiles) character file.

32 Malachi the Caller (level 3, -2/28 HPs)
             Began as a Ghoul Summoner on Nov 10, 2016.
             Slain by a hound (4 damage)
             ... on level 2 of the Dungeon.
             The game lasted 00:02:37 (779 turns).

Malachi the Caller (Ghoul Summoner)                  Turns: 779, Time: 00:02:38

Health: -2/28      AC:  2    Str: 11    XL:     3   Next: 25%
Magic:  3/5        EV: 12    Int: 11    God:
Gold:   31         SH:  0    Dex:  9    Spells: 1 memorised, 5 levels left

rFire  . . .     SeeInvis .       - Unarmed
rCold  + . .     Gourm    .     a - +0 robe
rNeg   + + +     Faith    .     (no shield)
rPois  ∞         Spirit   .     (no helmet)
rElec  .         Reflect  .     (no cloak)
rCorr  .         Harm     .     (no gloves)
MR     .....                    (no boots)
Stlth  ++........               (no amulet)
                                (no ring)
                                (no ring)

@: rotting
A: rotting body, claws 1, carnivore 3, cold resistance 1, negative energy
resistance 3, slow regeneration 1, torment resistance, unbreathing
a: no special abilities


You were on level 2 of the Dungeon.
You were not hungry.

You visited 1 branch of the dungeon, and saw 2 of its levels.

You collected 31 gold pieces.

Inventory:

Armour
 a - a +0 robe (worn)
Scrolls
 d - a scroll of enchant armour {unknown}
 e - a scroll of teleportation {unknown}
 g - a scroll of identify {unknown}
 j - a scroll of recharging {unknown}
Potions
 i - a potion of brilliance {unknown}
Books
 b - a book of Callings

   Spells                             Type                      Level
   a - Summon Small Mammal            Summoning                    1
   b - Call Imp                       Summoning                    2
   c - Call Canine Familiar           Summoning                    3
   d - Summon Guardian Golem          Hexes/Summoning              3
   e - Summon Lightning Spire         Summoning/Air                4
   f - Summon Ice Beast               Ice/Summoning                4
Comestibles
 c - 3 meat rations
 f - a chunk of flesh
 h - a royal jelly


   Skills:
 * Level 1.0 Fighting
 + Level 1.9 Dodging
 + Level 2.4 Stealth
 + Level 1.0 Unarmed Combat
 + Level 2.0 Spellcasting
 * Level 3.9 Summonings


You had 5 spell levels left.
You knew the following spells:

 Your Spells              Type           Power        Failure   Level  Hunger
a - Summon Small Mammal   Summ           #...         10%         1    ##.....


Dungeon Overview and Level Annotations

Branches:
Dungeon (2/15)

Altars:
Fedhas
Makhleb


Innate Abilities, Weirdness & Mutations

Your body is rotting away.
You thrive on raw meat.
You are immune to poison.
You have sharp fingernails.
You are carnivorous and can eat meat at any time.
Your flesh is cold resistant. (rC+)
You are immune to negative energy. (rN+++)
You regenerate slowly when monsters are visible.
You are immune to unholy pain and torment.
You can survive without breathing.


Message History

Your bat dies!
Your bat's corpse disappears in a puff of smoke!
You closely miss the hound.
The hound barks!
The hound is almost dead.
The hound bites you. The hound misses you.
You closely miss the hound.
The hound is almost dead.
The hound barely misses you.
You scratch the hound.
The hound is almost dead.
The hound bites you.
* * * LOW HITPOINT WARNING * * *
The hound bites you.
* * * LOW HITPOINT WARNING * * *
You are too injured to fight recklessly!
You barely miss the hound.
The hound is almost dead.
The hound bites you.
You die...

..# ..## ...# ####..##
#..#...# ##.....# #
#∩_....# ######.....
#.h@..#
...........##..##.##
...........#####..####
...........#.#.......#
...........#.#.......#
...........+.#.......#
...........#.#.......#
...#.........#.......#
...'......÷..'.......#


You could see a hound.

Vanquished Creatures
  An ooze (D:2)
  A ball python (D:1)
  5 giant cockroaches (D:1)
  A goblin (D:1)
  2 hobgoblins (D:1)
  3 kobolds (D:1)
  A bat (D:1)
  A frilled lizard (D:2)
  4 rats (D:1)
19 creatures vanquished.

Vanquished Creatures (collateral kills)
  An ooze (D:1)
  A ball python (D:1)
  A bat (D:1)
  A goblin (D:2)
  2 rats (D:1)
6 creatures vanquished.

Vanquished Creatures (others)
  4 toadstools (D:1)
4 creatures vanquished.

Grand Total: 29 creatures vanquished

Notes
Turn   | Place    | Note
-------+----------+-------------------------------------------
     0 | D:1      | Malachi the Ghoul Summoner began the quest for the Orb.
     0 | D:1      | Reached XP level 1. HP: 14/14 MP: 2/2
   164 | D:1      | Reached XP level 2. HP: 14/18 MP: 3/3
   411 | D:1      | Reached skill level 1 in Unarmed Combat
   411 | D:1      | Reached XP level 3. HP: 25/26 MP: 3/5
   619 | D:2      | Found a blossoming altar of Fedhas.
   671 | D:2      | Reached skill level 1 in Fighting
   753 | D:2      | Found a burning altar of Makhleb.
   779 | D:2      | Slain by a hound

Skill      XL: |  1  2  3 |
---------------+----------+-----
Spellcasting   | 2 |  2.0
Unarmed Combat | 1 |  1.0
Fighting       | 1 |  1.0
Dodging        | |  1.9
Stealth        | |  2.4
Summonings     | |  3.9

Action                   || total
-------------------------++-------
Melee: Unarmed           ||    95
 Cast: Summon Small Mamm ||    31
 Stab: Distracted        ||     2
  Eat: Chunk             ||    11
Armor: Robe              ||    28
Dodge: Dodged            ||    66
